 Dungeon Crawl Stone Soup version 0.28-b1-1-g3c77fb2ed1 (webtiles) character file.

Game seed: 17297626966587378094

2660 Zonian the Ducker (level 9, -2/62 HPs)
             Began as a Djinni Ice Elementalist on Jan 30, 2022.
             Was an Initiate of Ashenzari.
             Slain by an orc warlord (26 damage)
             ... in a bailey.
             The game lasted 00:33:28 (7818 turns).

Zonian the Ducker (Djinni Ice Elementalist)         Turns: 7818, Time: 00:33:29

Health: -2/62      AC: 12    Str:  7    XL:     9   Next: 94%
Gold:   316        EV: 16    Int: 21    God:    Ashenzari [......] SH:  0 Dex: 20

rFire   + + .      SeeInvis .   B - +2 dagger (venom)
rCold   x . .      Faith    .   (no shield)
rNeg    . . .      Spirit   .   a - +0 robe
rPois   ∞          Reflect  .   w - +2 helmet
rElec   .          Harm     .   (no cloak)
rCorr   .          Rampage  .   (no gloves)
Will    .....                   (boots unavailable)
Stlth   +++.......              d - amulet of regeneration
HPRegen 1.00/turn               g - +6 ring of dexterity
MPRegen 0.00/turn               (no ring)

@: ice-armoured, freezing walls, flying, invisible
A: sickness immunity, fire resistance 2, cold vulnerability 1, float, innate
caster, hp casting, extra vitality 1
a: Renounce Religion


You were in a bailey.
You worshipped Ashenzari.
Ashenzari was noncommittal.
You visited 2 branches of the dungeon, and saw 8 of its levels.
You also visited: Sewer and Bailey.

You collected 316 gold pieces.

Inventory:

Hand Weapons
 c - a +3 short sword of freezing
 u - a +0 short sword of protection
 x - a +3 hunting sling
 y - a +2 whip of draining
 z - a +4 great sword of holy wrath
 B - a +2 dagger of venom (weapon)
 C - a +0 scimitar
Missiles
 b - 20 sling bullets
 f - 48 stones
 o - 3 poisoned darts
 E - 2 javelins
Armour
 a - a +0 robe (worn)
 w - a +2 helmet (worn)
Magical Staves
 l - a staff of poison
Jewellery
 d - an amulet of regeneration (around neck)
 e - an amulet of the acrobat
 g - a +6 ring of dexterity (left hand)
Wands
 k - a wand of iceblast (4)
Scrolls
 i - a scroll of immolation
 t - 2 scrolls of silence
Potions
 j - a potion of heal wounds
 m - a potion of cancellation
 n - 2 potions of brilliance
 p - a potion of attraction
 q - a potion of might
 r - 2 potions of magic
 A - a potion of flight {unknown}
 D - a potion of mutation {unknown}


   Skills:
 + Level 4.3 Fighting
 + Level 5.6 Short Blades
 + Level 2.1(2.2) Slings
 + Level 0.5(1.4) Throwing
 + Level 6.2 Dodging
 + Level 4.0 Stealth
 + Level 6.2 Spellcasting


You couldn't memorise any spells.
You knew the following spells:

 Your Spells              Type           Power      Damage    Failure   Level
a - Freeze                Ice            100%       1d11      1%          1
b - Frozen Ramparts       Ice            64%        1d8       2%          3
c - Ozocubu's Armour      Ice            32%        N/A       2%          3
d - Hailstorm             Conj/Ice       32%        3d8       8%          4
e - Magic Dart            Conj           100%       1d8       1%          1
f - Static Discharge      Conj/Air       32%        N/A       1%          2
g - Corpse Rot            Necr/Air       64%        N/A       1%          2
h - Anguish               Hex/Necr       16%        N/A       8%          4
Your spell library was empty.

Dungeon Overview and Level Annotations

Branches:
Dungeon (7/15)             Temple (1/1) D:6           Sewer (visited)
 Bailey (1/1)

Altars:
Ashenzari
Fedhas
Kikubaaqudgha
Ru
Sif Muna
Wu Jian
Yredelemnul
Zin

Annotations:
D:3 2 runed translucent doors, dornbeast's ghost, weakling DECj
D:4 Eustachio; Grinder


Innate Abilities, Weirdness & Mutations

You are immune to sickness and miasma.
You are immune to poison.
Your flesh is very heat resistant. (rF++)
You are vulnerable to cold. (rC-)
You float through the air rather than walking.
You learn spells naturally, not from books.
Your magical power is your life essence.
You have superior vitality. (+4 MHP)


Message History

The walls around you are covered in ice.
Casting: Frozen Ramparts (dangerous; 2% risk of failure)
Confirm with . or Enter, or press ? or * to list all spells.
A film of ice covers your body!
Unknown command.
Aiming: Iceblast
Press: ? - help, Shift-Dir - straight line, f - orc warlord
Aim: an orc warlord, wielding a +0 long sword and wearing a +2 plate armour of fire resistance (lightly wounded, very poisoned, slow)
The mass of ice explodes!
The iceblast engulfs the orc warlord but does no damage.
The orc warlord is lightly wounded.
The wall freezes the orc warlord.
Your +2 dagger of venom begins to drip with poison!
B - a +2 dagger of venom (weapon)
You hit the orc warlord but do no damage.
The orc warlord is lightly wounded.
The wall freezes the orc warlord.
The orc warlord hits you with a +0 long sword!
You hit the orc warlord but do no damage.
The orc warlord is lightly wounded.
The orc warlord is no longer moving slowly.
You barely miss the orc warlord.
The orc warlord is lightly wounded.
The wall freezes the orc warlord.
The orc warlord hits you with a +0 long sword!!
As you read the scroll of fear, it crumbles to dust.
You assume a fearsome visage.
The orc warlord looks frightened!
The wall freezes the orc warlord!
Your attack snaps the orc warlord out of its fear.
The orc warlord hits you with a +0 long sword!
Okay, then.
Okay, then.
Casting: Ozocubu's Armour (dangerous; 2% risk of failure)
Confirm with . or Enter, or press ? or * to list all spells.
Okay, then.
Okay, then.
You fade into invisibility!
The wall freezes the orc warlord.
The orc warlord hits you with a +0 long sword!!
You die...

..... ### ###.........#
...###.### ###.###.)...###
#'#.....###
###.....#)#.###
##.........###......)).###
#...........#........)..#
#.....).....#...........#
#.....((...)#.....⌠.....#
#..........)o...........#
#.....(.....#@..........#
##.........###.........##
###.....### ###.....###
###.### ###.### ### ###


You could see an orc warlord (poisoned).

Vanquished Creatures
  A steam dragon (D:6)
  7 orc warriors (Bailey)
  2 ice beasts
  A black bear (D:6)
  4 ogres
  2 centaurs
  A kobold brigand (Sewer)
  3 bullfrogs
  A water moccasin skeleton (D:6)
  2 howler monkeys (D:5)
  A jelly (D:5)
  3 hounds
  3 orc priests
  A bullfrog skeleton (D:5)
  3 iguanas
  An orc wizard (D:4)
  Robin (D:4)
  4 gnolls (Bailey)
  14 adders
  A river rat (Sewer)
  3 shadow imps
  A white imp (D:4)
  An ufetubus (D:4)
  An adder zombie (D:5)
  A dart slug (D:1)
  23 orcs
  5 endoplasms
  7 giant cockroaches
  18 goblins
  11 hobgoblins
  10 jackals
  4 quokkas
  11 ball pythons
  5 bats
  13 frilled lizards
  7 kobolds
  7 rats
184 creatures vanquished.

Vanquished Creatures (others)
  16 plants
16 creatures vanquished.

Grand Total: 200 creatures vanquished

Notes
Turn   | Place    | Note
-------+----------+-------------------------------------------
     0 | D:1      | Zonian the Djinni Ice Elementalist began the quest for the
                  | Orb.
     0 | D:1      | Reached XP level 1. HP: 15/15 MP: 0/0
   466 | D:1      | Reached XP level 2. HP: 13/21 MP: 0/0
  1257 | D:2      | Reached XP level 3. HP: 24/25 MP: 0/0
  1257 | D:2      | Learned a level 1 spell: Magic Dart
  1486 | D:2      | Found a basalt altar of Yredelemnul.
  1869 | D:3      | Reached XP level 4. HP: 20/31 MP: 0/0
  2018 | D:3      | Found a faded altar of an unknown god.
  2072 | D:3      | Found a glowing drain.
  2103 | Sewer    | Entered a sewer
  2114 | Sewer    | Reached XP level 5. HP: 33/36 MP: 0/0
  2114 | Sewer    | Learned a level 2 spell: Static Discharge
  2424 | Sewer    | Noticed a kobold brigand
  2437 | Sewer    | Killed a kobold brigand
  2438 | Sewer    | Reached skill level 1 in Fighting
  2438 | Sewer    | Reached skill level 1 in Short Blades
  2438 | Sewer    | Reached XP level 6. HP: 42/42 MP: 0/0
  3070 | D:3      | Found a large runed translucent door.
  3070 | D:3      | Found a large runed translucent door.
  3072 | D:3      | Noticed dornbeast's ghost (weakling DECj)
  3663 | D:4      | Reached XP level 7. HP: 30/47 MP: 0/0
  3663 | D:4      | Learned a level 2 spell: Corpse Rot
  3667 | D:4      | Noticed Grinder
  3677 | D:4      | Paralysed by Grinder for 4 turns
  3681 | D:4      | Noticed Eustachio
  4597 | D:4      | Noticed Robin
  4605 | D:4      | Killed Robin
  4643 | D:5      | Entered Level 5 of the Dungeon
  4770 | D:5      | Reached skill level 5 in Spellcasting
  4829 | D:5      | Reached XP level 8. HP: 54/54 MP: 0/0
  5120 | D:5      | Reached skill level 1 in Slings
  6374 | D:6      | Reached skill level 5 in Dodging
  6374 | D:6      | Reached XP level 9. HP: 31/61 MP: 0/0
  6374 | D:6      | Learned a level 4 spell: Anguish
  6582 | D:6      | Found a staircase to the Ecumenical Temple.
  6685 | D:6      | Reached skill level 5 in Short Blades
  6692 | Temple   | Entered the Ecumenical Temple
  6706 | Temple   | Became a worshipper of Ashenzari the Shackled
  7157 | D:7      | Found a flagged portal.
  7177 | Bailey   | Entered a bailey
  7641 | Bailey   | Noticed an orc knight
  7805 | Bailey   | Noticed an orc warlord
  7818 | Bailey   | Slain by an orc warlord

Illustrated notes

Levels and vault maps discovered:
D:1:      wander_arrival_estate, layout_rooms, serial_bayou_lake_a
D:2:      layout_loops_ring, basic_altar, nrook_uturn
D:3:      layout_basic, ebering_ghost_disaster_area, gup_sewer_entry_glass,
          hellmonk_ecumenical_altar_lost_god
D:4:      layout_loops_cross, uniq_grinder, uniq_robin, uniq_eustachio
D:5:      layout_loops_ring
D:6:      layout_basic, minmay_temple_entry_stoned_glass
D:7:      layout_layer_cave, enter_bailey_2, dk_noncrumbling_4,
          minmay_liquid_box
Temple:   compressed_dpeg_circular_temple
Bailey:   bailey_axe_minmay_hex_keep, bailey

Skill      XL: |  1  2  3  4  5  6  7  8  9 |
---------------+----------------------------+-----
Spellcasting   | 4 5 6 |  6.2
Stealth        | 2 3 4 |  4.0
Dodging        | 3 4 5 6 |  6.2
Fighting       | 1 2 3 4 |  4.3
Short Blades   | 1 2 4 5 |  5.6
Slings         | 1 2 |  2.1
Throwing       | |  0.5

Action                   |  1- 3 |  4- 6 |  7- 9 || total
-------------------------+-------+-------+-------++-------
Melee: Short sword       |    24 |     1 |    73 ||    98
       Dagger            |       |   137 |   228 ||   365
       Punch             |       |     3 |     8 ||    11
 Fire: Hunting sling     |       |       |    23 ||    23
Throw: Dart              |       |       |     7 ||     7
 Cast: Freeze            |    29 |    17 |       ||    46
       Magic Dart        |    22 |    38 |    55 ||   115
       Frozen Ramparts   |       |       |    12 ||    12
       Static Discharge  |       |       |    10 ||    10
       Ozocubu's Armour  |       |       |     7 ||     7
       Hailstorm         |       |       |     1 ||     1
Evoke: Wand              |       |     2 |     2 ||     4
  Use: Scroll            |     4 |     9 |    12 ||    25
       Potion            |       |       |     2 ||     2
 Stab: Sleeping          |     3 |     5 |     5 ||    13
       Distracted        |       |     1 |       ||     1
Armor: Robe              |    11 |    22 |    43 ||    76
Dodge: Dodged            |    41 |    79 |   153 ||   273
